 Dungeon Crawl Stone Soup version 0.23-a0-667-gc184e93 (webtiles) character file.

4518 Nightscar982 the Covert (level 10, -4/74 HPs)
             Began as a Vampire Assassin on Jan 8, 2019.
             Was a Believer of Nemelex Xobeh.
             Slain by a ghost moth (14 damage)
             ... on level 8 of the Dungeon.
             The game lasted 00:49:55 (5954 turns).

Nightscar982 the Covert (Vampire Assassin)          Turns: 5954, Time: 00:49:56

Health: -4/74      AC:  8    Str: 14 (15) XL:     10   Next: 17%
Magic:  0/11       EV: 18    Int: 18      God:    Nemelex Xobeh [**....]
Gold:   217        SH:  3    Dex: 17 (18) Spells: 9/9 levels left

rFire    . . .     SeeInvis +   a - +3 dagger
rCold    + + .     Gourm    .   (no shield)
rNeg     + + .     Faith    .   A - +1 robe of Shielding {+Blink rF- Int+3} (curse)
rPois    +         Spirit   .   (no helmet)
rElec    .         Reflect  +   l - +2 cloak of Ezefocie {rPois rC+ Stlth-}
rCorr    .         Harm     .   H - +0 pair of gloves
MR       +....                  w - +0 pair of boots
Stlth    +++++.....             m - +3 amulet of reflection
HPRegen  0.11/turn              h - +4 ring of slaying
MPRegen  0.12/turn              r - ring of protection from fire

@: mighty, regenerating slowly, hasted, very quick
A: fangs 3, see invisible, unbreathing
a: Bat Form, Draw Escape, Draw Destruction, Draw Summoning, Renounce Religion,
Evoke Blink


You were on level 8 of the Dungeon.
You worshipped Nemelex Xobeh.
Nemelex Xobeh was pleased with you.
You were thirsty.

You visited 2 branches of the dungeon, and saw 9 of its levels.
You also visited: Sewer.

You collected 399 gold pieces.
You spent 182 gold pieces at shops.

Inventory:

Hand Weapons
 a - a +3 dagger (weapon)
 b - a +2 blowgun
Missiles
 e - 75 poisoned needles
 f - 2 curare-tipped needles
 o - 2 throwing nets (quivered)
Armour
 d - a +0 cloak
 l - the +2 cloak of Ezefocie (worn) {rPois rC+ Stlth-}
   (You found it on level 8 of the Dungeon)

   It protects you from cold.
   It protects you from poison.
   It makes you less stealthy.
 w - a +0 pair of boots (worn)
 A - the cursed +1 robe of Shielding (worn) {+Blink rF- Int+3}
   (You bought it in a shop on level 5 of the Dungeon)

   It affects your intelligence (+3).
   It makes you vulnerable to fire.
   It lets you blink.
   It has a curse placed upon it.
 H - a +0 pair of gloves (worn)
Jewellery
 h - a +4 ring of slaying (left hand)
 m - a +3 amulet of reflection (around neck)
 q - an uncursed ring of ice
 r - a ring of protection from fire (right hand)
 t - an uncursed ring of protection from magic
 x - an uncursed ring of poison resistance
Wands
 B - a wand of acid (9)
 F - a wand of paralysis (4)
 G - a wand of iceblast (8)
 J - a wand of clouds (5)
 M - a wand of flame (6)
Scrolls
 c - 2 scrolls of remove curse {unknown}
 i - 4 scrolls of fear
 j - 2 scrolls of enchant armour {unknown}
 k - 3 scrolls of fog
 n - a scroll of amnesia {unknown}
 v - 3 scrolls of magic mapping
 y - a scroll of identify
 z - 4 scrolls of teleportation
 E - a scroll of immolation {unknown}
 L - a scroll of vulnerability
Potions
 g - 3 potions of magic
 p - 4 potions of agility
 s - 2 potions of haste
 u - 3 potions of might
 C - a potion of curing
 D - a potion of mutation {unknown}
 I - a potion of brilliance
 K - 2 potions of lignification {unknown}


   Skills:
 + Level 5.5 Fighting
 + Level 9.0 Short Blades
 + Level 2.0 Throwing
 + Level 9.0 Dodging
 + Level 12.0 Stealth
 + Level 0.3 Invocations
 + Level 1.8 Evocations


You had 9 spell levels left.
You didn't know any spells.
Your spell library contained the following spells:

 Spells                   Type           Power        Failure   Level  Hunger
 Magic Dart               Conj           #...         22%         1    ##.....
 Searing Ray              Conj           #.....       32%         2    ###....
 Dazzling Spray           Conj/Hex       #.....       54%         3    ####...
 Force Lance              Conj/Tloc      #.......     91%         4    #####..
 Fulminant Prism          Conj/Hex       #.........   91%         4    #####..
 Iskenderun's Mystic Bla  Conj           #.......     91%         4    #####..
 Bolt of Magma            Conj/Fire/Erth #.........   99%         5    ######.
 Iskenderun's Battlesphe  Conj/Chrm      #.......     99%         5    ######.
 Venom Bolt               Conj/Pois      #.........   99%         5    ######.
 Iron Shot                Conj/Erth      #.........   100%        6    #######
 Orb of Destruction       Conj           #.........   100%        7    #######
 Spellforged Servitor     Conj/Summ      #.........   100%        7    #######


Dungeon Overview and Level Annotations

Branches:
Dungeon (8/15)             Temple (1/1) D:4            Lair (0/6) D:8

Altars:
Ashenzari
Cheibriados
Dithmenos
Elyvilon
Fedhas
Gozag
Hepliaklqana
Kikubaaqudgha
Makhleb
Nemelex Xobeh
Okawaru
Qazlal
Ru
Sif Muna
Trog
Uskayaw
Vehumet
Wu Jian
Xom
Yredelemnul
Zin
The Shining One

Shops:
D:4 (   D:5 [


Innate Abilities, Weirdness & Mutations

You heal slowly.
You have razor-sharp teeth.
You have supernaturally acute eyesight. (SInv)
You can survive without breathing.


Message History

The ghost moth hits you but does no damage.
You block the ghost moth's attack.
You closely miss the ghost moth. You bite the ghost moth.
The ghost moth is moderately wounded.
You closely miss the ghost moth.
The ghost moth is moderately wounded.
The ghost moth stares at you. The ghost moth hits you.
* * * LOW HITPOINT WARNING * * *
You feel clumsy.
The ghost moth hits you but does no damage.
The ghost moth stings you!
* * * LOW HITPOINT WARNING * * *
You completely miss the ghost moth.
The ghost moth is moderately wounded.
You hit the ghost moth but do no damage.
The ghost moth is moderately wounded.
The ghost moth misses you. The ghost moth hits you!
You die...
Your body glows slightly and disappears.

## #......# #.....(..%# .#
#....#.## #.........# .####
#.#..#... ........###
.(..######.#..#.## ##........#
###.....##.#..#.###..%##..##.#
#.###....#...... .## ##.##.#
#..####.......# ##.##.#
##........#.#.## #..#%.#
###...##....y@# ##....##
####.[...##.#.#...#####....##
.......#....#.#.#..........#
##.###....###.#...####..#.##
....##.....##.##... #.##.#
..............# .#.##.. #.##
.####...#.##..# .#..#.# #..#
..##....#.##............##.#
#.#........##.#..# #..#....##


You could see a ghost moth (invisible).

Vanquished Creatures
  Pikel (D:4)
  A water moccasin (D:7)
  A phantom (D:8)
  2 sky beasts
  A black bear (D:7)
  2 ogres (D:8)
  3 centaurs
  3 bullfrogs
  A wyvern skeleton (D:8)
  10 killer bees (D:8)
  3 howler monkeys
  2 crimson imps
  3 bullfrog zombies
  3 hounds
  4 jellies (D:8)
  An iguana (D:7)
  Terence (D:3)
  An orc wizard (D:5)
  A worker ant (D:4)
  A killer bee zombie (D:5)
  A hound skeleton (D:4)
  3 gnolls (D:5)
  12 adders
  7 river rats
  7 oozes
  An adder skeleton (D:8)
  5 worms
  3 dart slugs
  6 leopard geckos
  8 orcs
  6 giant cockroaches
  8 goblins
  9 hobgoblins
  8 jackals
  A quokka (D:3)
  13 ball pythons
  10 bats
  6 frilled lizards
  3 kobolds
  30 rats
192 creatures vanquished.

Vanquished Creatures (collateral kills)
  A death knight (D:7)
  A death yak (D:8)
  Maurice (D:8)
  A hippogriff (D:8)
  A black bear (D:8)
  2 phantoms
  An ogre (D:8)
  2 bullfrogs (D:8)
  Blork the orc (D:4)
  A wyvern skeleton (D:7)
  A scorpion (D:8)
  4 killer bees (D:8)
  2 crimson imps
  A quasit (D:8)
  A bullfrog zombie (D:6)
  A hound (D:7)
  2 orc wizards
  An orc priest (D:5)
  2 worker ants
  A hound zombie (D:7)
  2 adders
  3 leopard geckos
  2 orcs (D:5)
  A giant cockroach (D:5)
  2 quokkas
38 creatures vanquished.

Vanquished Creatures (others)
  Sigmund (D:4)
  A worm (D:4)
  A frilled lizard (D:4)
3 creatures vanquished.

Grand Total: 233 creatures vanquished

Notes
Turn   | Place    | Note
-------+----------+-------------------------------------------
     0 | D:1      | Nightscar982 the Vampire Assassin began the quest for the
                  | Orb.
     0 | D:1      | Reached XP level 1. HP: 16/16 MP: 1/1
    27 | D:1      | Reached skill level 6 in Stealth
   110 | D:1      | Reached XP level 2. HP: 14/22 MP: 2/2
   890 | D:2      | Reached XP level 3. HP: 27/27 MP: 3/3
  1440 | D:3      | Noticed Terence
  1445 | D:3      | Killed Terence
  1445 | D:3      | Reached skill level 7 in Stealth
  1445 | D:3      | Reached XP level 4. HP: 33/33 MP: 4/4
  1718 | D:3      | Reached XP level 5. HP: 37/38 MP: 5/5
  1760 | D:3      | Found a sparkling altar of Nemelex Xobeh.
  1768 | D:3      | Became a worshipper of Nemelex Xobeh the Trickster
  1924 | D:3      | Received a gift from Nemelex Xobeh
  2061 | D:3      | Noticed a wyvern
  2061 | D:3      | Noticed a wyvern
  2112 | D:4      | Noticed Blork the orc
  2126 | D:4      | Killed Blork the orc
  2126 | D:4      | Reached skill level 8 in Stealth
  2163 | D:5      | Entered Level 5 of the Dungeon
  2163 | D:5      | Noticed a centaur
  2237 | D:4      | Reached XP level 6. HP: 16/46 MP: 6/6
  2241 | D:4      | Found a glowing drain.
  2307 | Sewer    | Entered a sewer
  2841 | Sewer    | Reached XP level 7. HP: 33/51 MP: 7/7
  2889 | D:4      | Reached skill level 5 in Short Blades
  2927 | D:4      | Reached * piety under Nemelex Xobeh
  2927 | D:4      | Received a gift from Nemelex Xobeh
  2945 | D:4      | Noticed Pikel
  2950 | D:4      | Killed Pikel
  2950 | D:4      | Reached skill level 5 in Dodging
  2950 | D:4      | Reached skill level 9 in Stealth
  2953 | D:4      | Noticed Sigmund
  2970 | D:4      | Killed Sigmund
  2970 | D:4      | Reached XP level 8. HP: 58/58 MP: 8/8
  3046 | D:4      | Found Geashiopt's Weapon Emporium.
  3052 | D:4      | Found a staircase to the Ecumenical Temple.
  3078 | Temple   | Entered the Ecumenical Temple
  3428 | D:5      | Found Eveok's Antique Armour Boutique.
  3439 | D:5      | Bought a faintly humming robe for 182 gold pieces
  3449 | D:5      | Identified the cursed +1 robe of Shielding {+Blink rF-
                  | Int+3} (You bought it in a shop on level 5 of the Dungeon)
  3556 | D:5      | Received a gift from Nemelex Xobeh
  3894 | D:6      | Reached ** piety under Nemelex Xobeh
  4122 | D:6      | Reached skill level 10 in Stealth
  4241 | D:7      | Received a gift from Nemelex Xobeh
  4403 | D:7      | Noticed a death knight
  4425 | D:7      | Reached XP level 9. HP: 33/66 MP: 9/9
  4490 | D:7      | Found a hide-covered altar of Uskayaw.
  4543 | D:7      | Received a gift from Nemelex Xobeh
  4725 | D:7      | Killed a death knight
  4725 | D:7      | Reached skill level 11 in Stealth
  4828 | D:8      | Identified the +0 quarterstaff of the Foremost Suns
                  | {protect, -Tele rN+ MP+9}
  4878 | D:8      | Reached *** piety under Nemelex Xobeh
  4898 | D:8      | Noticed a death yak
  5021 | D:8      | Noticed Maurice
  5042 | D:8      | Reached skill level 5 in Fighting
  5086 | D:8      | Noticed a death yak
  5088 | D:8      | Noticed a death yak
  5090 | D:8      | Noticed a death yak
  5096 | D:8      | Killed Maurice
  5097 | D:8      | Noticed a death yak
  5099 | D:8      | Found a staircase to the Lair.
  5117 | D:8      | Reached skill level 1 in Evocations
  5125 | D:8      | Killed a death yak
  5125 | D:8      | Reached XP level 10. HP: 21/74 MP: 3/10
  5642 | D:8      | Reached skill level 12 in Stealth
  5719 | D:8      | Got a brightly glowing cloak
  5720 | D:8      | Identified the +2 cloak of Ezefocie {rPois rC+ Stlth-} (You
                  | found it on level 8 of the Dungeon)
  5861 | D:8      | Noticed a ghost moth
  5861 | D:8      | a death yak changed into a ghost moth
  5861 | D:8      | Noticed a ghost moth
  5861 | D:8      | a death yak changed into a ghost moth
  5954 | D:8      | Slain by a ghost moth

Vault maps used:
D:1:      dpeg_arrival_lava_altar
D:3:      nemelex_xobeh_ov_fountains_minmay, minmay_vboxes, uniq_terence
D:4:      temple_doors_ab, nicolae_ossuary_entry_monument, first_ration,
          cheibrodos_sewer_entry_sluice, serial_shops, nicolae_shop_waterfront,
          uniq_pikel, uniq_sigmund, uniq_blork_the_orc
D:5:      serial_shops, shop, hangedman_decor_opposing
D:7:      minmay_clustersquares, basic_altar, nicolae_zen_rock_garden
D:8:      dpeg_lair_monsters, hangedman_little_slice_of_home,
          minmay_fractal_squares_gapless_5, uniq_maurice
Temple:   compressed_dpeg_circular_temple
Sewer:    sewer_minmay_w

Skill      XL: |  1  2  3  4  5  6  7  8  9 10 |
---------------+-------------------------------+-----
Stealth        | 6 7 8 9 10 11 12 | 12.0
Fighting       | 2 3 4 5 |  5.5
Short Blades   | 3 4 5 7 8 9 |  9.0
Dodging        | 2 3 5 7 8 9 |  9.0
Throwing       | 2 |  2.0
Evocations     | 1 |  1.8
Invocations    | |  0.3

Action                   |  1- 3 |  4- 6 |  7- 9 | 10-12 || total
-------------------------+-------+-------+-------+-------++-------
Melee: Dagger            |    74 |   233 |   233 |    84 ||   624
       Bite              |     4 |    20 |    28 |    12 ||    64
 Fire: Blowgun           |       |       |     2 |       ||     2
Invok: Triple Draw       |       |       |     1 |       ||     1
 Abil: Draw Destruction  |       |     3 |     8 |     5 ||    16
       Draw Summoning    |       |     2 |    12 |       ||    14
       Draw Escape       |       |     1 |     1 |     3 ||     5
       Evoke Blink       |       |       |     8 |     3 ||    11
  Use: Scroll            |     3 |     2 |     9 |     1 ||    15
       Potion            |       |     7 |     8 |     3 ||    18
 Stab: Sleeping          |    16 |     8 |     7 |     7 ||    38
       Distracted        |       |       |     2 |       ||     2
  Eat: Corpse            |     4 |    11 |     4 |     1 ||    20
Armor: Robe              |     8 |    70 |    35 |    10 ||   123
Dodge: Dodged            |    29 |   223 |   207 |    46 ||   505
Block: Other             |     6 |    63 |    30 |     5 ||   104
       Reflection        |       |     1 |     1 |       ||     2

Table legend:
 A = Non-vault XP
 B = Vault XP
 C = Vault XP percentage of total XP
 D = Non-vault monster count
 E = Vault monster count
 F = Vault count percentage of total count
                 A         B        C        D         E       F
            +---------+---------+-------+---------+---------+-------
      Total |    3302 |    3153 |  48.8 |     147 |      84 |  36.4
            +---------+---------+-------+---------+---------+-------
        D:1 |      32 |       0 |   0.0 |      21 |       0 |   0.0
        D:2 |      21 |       0 |   0.0 |      11 |       0 |   0.0
        D:3 |     118 |      50 |  29.8 |      34 |       7 |  17.1
        D:4 |     151 |     694 |  82.1 |      11 |       6 |  35.3
        D:5 |     389 |       0 |   0.0 |      21 |       0 |   0.0
        D:6 |     635 |       0 |   0.0 |      10 |       0 |   0.0
        D:7 |     127 |     947 |  88.2 |       3 |      10 |  76.9
        D:8 |    1829 |    1094 |  37.4 |      36 |      13 |  26.5
      Sewer |       0 |     368 | 100.0 |       0 |      48 | 100.0
            +---------+---------+-------+---------+---------+-------
